 Dungeon Crawl Stone Soup version 0.30-a0-743-gbfdf073431 (webtiles) character file.

Game seed: 469720425254041416

879 NinjaNoafa the Cleaver (level 8, 0/66 HPs)
             Began as a Hill Orc Fighter on Feb 5, 2023.
             Was a Follower of Okawaru.
             Slain by Edmund
             ... wielding a +1 flail of holy wrath
              (13 damage)
             ... on level 6 of the Dungeon.
             The game lasted 00:09:34 (4582 turns).

NinjaNoafa the Cleaver (Hill Orc Fighter)           Turns: 4582, Time: 00:09:35

Health: 0/66       AC: 16    Str: 21    XL:     8   Next: 5%
Magic:  8/8        EV: 12    Int:  8    God:    Okawaru [*.....]
Gold:   267        SH:  4    Dex: 10    Spells: 7/7 levels left

rFire   . . .      SeeInvis .    a - +0 war axe
rCold   . . .      Faith    .    c - +0 buckler
rNeg    . . .      Spirit   .    r - +0 chain mail
rPois   .          Reflect  .    (no helmet)
rElec   .          Harm     .    t - +2 cloak
rCorr   .          Rampage  .    (no gloves)
Will    .....                    (no boots) Stlth
                                 (no amulet)
HPRegen 0.31/turn                n - +5 ring of evasion
MPRegen 0.11/turn                p - +4 ring of protection

@: no status effects
A: no striking features
a: Renounce Religion, Heroism


You were on level 6 of the Dungeon.
You worshipped Okawaru.
Okawaru was aware of your devotion.
You visited 1 branch of the dungeon, and saw 6 of its levels.

You collected 267 gold pieces.

Inventory:

Hand Weapons
 a - a +0 war axe (weapon)
Missiles
 f - 26 poisoned darts
 v - 2 boomerangs (quivered)
Armour
 c - a +0 buckler (worn)
 r - a +0 chain mail (worn)
 t - a +2 cloak (worn)
Jewellery
 e - a +5 ring of evasion
 n - a +5 ring of evasion (left hand)
 p - a +4 ring of protection (right hand)
Wands
 y - a wand of iceblast (13)
Scrolls
 b - a scroll of noise {unknown}
 d - 2 scrolls of fog
 g - a scroll of magic mapping
 h - a scroll of enchant armour
 i - 3 scrolls of immolation
 j - 2 scrolls of teleportation
 k - 2 scrolls of vulnerability
 x - a scroll of poison {unknown}
 z - 2 scrolls of fear
Potions
 l - 2 potions of haste {unknown}
 m - a potion of flight
 o - a potion of curing
 q - a potion of heal wounds {unknown}
 s - a potion of invisibility {unknown}
 w - 2 potions of mutation


   Skills:
 + Level 3.7 Fighting
 - Level 11.5 Axes
 + Level 3.4 Armour
 + Level 0.2 Dodging
 + Level 3.4 Shields
 + Level 0.6 Invocations


You had 7 spell levels left.
You didn't know any spells.
Your spell library was empty.

Dungeon Overview and Level Annotations

Branches:
Dungeon (6/15)
 Temple: D:4-7

Altars:
Dithmenos
Okawaru
Sif Muna
The Shining One

Shops:
D:3 (

Annotations:
D:6 Edmund


Message History

Edmund hits you with a +1 flail of holy wrath!
You barely miss Edmund.
Edmund is almost dead.
Edmund misses you.
You closely miss Edmund.
Edmund is almost dead.
Edmund hits you with a +1 flail of holy wrath!
You barely miss Edmund.
Edmund is almost dead.
Edmund hits you with a +1 flail of holy wrath!
* * * LOW HITPOINT WARNING * * *
You barely miss Edmund.
Edmund is almost dead.
You block Edmund's attack.
Edmund says, "People think my brother is the best.
I think he's crazy."
Edmund hits you with a +1 flail of holy wrath!
* * * LOW HITPOINT WARNING * * *
You hit Edmund.
Edmund is almost dead.
Edmund closely misses you.
You hit Edmund but do no damage.
Edmund is almost dead.
Edmund hits you but does no damage.
Okay, then.
Throw: 2 boomerangs
Press: ? - help, Q - select action, (/) - cycle Shift-Dir - straight line, f - Edmund
Aim: Edmund, wielding a +1 flail of holy wrath and wearing a +2 scale mail of fire resistance (almost dead, strong, 60% to hit)
You throw a boomerang. The boomerang barely misses Edmund.
Edmund hits you but does no damage.
You barely miss Edmund.
Edmund is almost dead.
Edmund hits you with a +1 flail of holy wrath!
* * * LOW HITPOINT WARNING * * *
You hit Edmund but do no damage.
Edmund is almost dead.
Edmund closely misses you.
You closely miss Edmund.
Edmund is almost dead.
Edmund hits you with a +1 flail of holy wrath!
You die...

######## .......#
.......# ......<#
.......# # .......#
... .......#
########...#
.......#####....@@..#
.......##....#####..##
.........>#### #.....
## .......####
#..###... ###.####
#....Y... ...
#######........ ###.
#......<.@.....
#........#.#..#
...........


You could see Edmund (strong).

Vanquished Creatures
  An ogre (D:5)
  2 phantoms
  A scorpion (D:5)
  A hound (D:4)
  2 orc priests (D:3)
  2 jellies
  4 iguanas
  4 orc wizards
  3 gnolls (D:3)
  10 adders
  2 worms
  3 dart slugs
  16 orcs
  6 endoplasms
  4 giant cockroaches
  11 hobgoblins
  4 quokkas
  5 ball pythons
  10 bats
  6 goblins
  10 kobolds
  2 rats (D:3)
109 creatures vanquished.

Vanquished Creatures (others)
  A fungus (D:1)
  10 plants
11 creatures vanquished.

Grand Total: 120 creatures vanquished

Notes
Turn   | Place    | Note
-------+----------+-------------------------------------------
     0 | D:1      | NinjaNoafa the Hill Orc Fighter began the quest for the
                  | Orb.
     0 | D:1      | Reached XP level 1. HP: 19/19 MP: 1/1
    46 | D:1      | Reached skill level 3 in Axes
   113 | D:1      | Reached XP level 2. HP: 26/26 MP: 2/2
   212 | D:1      | Reached skill level 4 in Axes
   352 | D:1      | Found a faded altar of an unknown god.
   927 | D:2      | Reached XP level 3. HP: 31/31 MP: 3/3
  1140 | D:2      | Reached skill level 5 in Axes
  1566 | D:3      | Identified the +1 quarterstaff of the Desolation of Salt
                  | {elec, Fly rPois}
  1613 | D:3      | Reached XP level 4. HP: 39/39 MP: 4/4
  1838 | D:3      | Reached skill level 6 in Axes
  1859 | D:2      | Reached XP level 5. HP: 6/45 MP: 5/5
  2136 | D:3      | Reached skill level 7 in Axes
  2204 | D:3      | Found a shimmering blue altar of Sif Muna.
  2431 | D:3      | Reached skill level 8 in Axes
  2431 | D:3      | Reached XP level 6. HP: 38/51 MP: 6/6
  2677 | D:3      | Found Iclelase's Weapon Shoppe.
  2931 | D:4      | Found an iron altar of Okawaru.
  2935 | D:4      | Reached skill level 9 in Axes
  3212 | D:4      | Became a worshipper of Warmaster Okawaru
  3448 | D:4      | Reached XP level 7. HP: 57/57 MP: 7/7
  3721 | D:4      | Found a shadowy altar of Dithmenos.
  3823 | D:5      | Entered Level 5 of the Dungeon
  3846 | D:5      | Reached skill level 10 in Axes
  4126 | D:5      | Reached skill level 11 in Axes
  4244 | D:5      | Reached * piety under Okawaru
  4338 | D:5      | Found a glowing golden altar of the Shining One.
  4489 | D:6      | Noticed Edmund
  4529 | D:6      | Reached XP level 8. HP: 63/66 MP: 8/8
  4582 | D:6      | Slain by Edmund

Illustrated notes

Levels and vault maps discovered:
D:1:      beargit_arrival_diablo_church, layout_loops_ring,
          shapermc_ecumenical_altar_mp_ritualfount, nrook_mini_vaults
D:2:      minmay_recursive_quarters, layout_basic, hangedman_decor_push
D:3:      layout_loops_ring, mainiacjoe_overflow_boulevard, serial_shops,
          nicolae_shop_bloodbath_and_beyond
D:4:      layout_basic, okawaru_altar_gauntlet_db, kennysheep_mini_moat
D:5:      layout_rooms, lemuel_crystal_altar, nicolae_kite_square_tiling_tiny
D:6:      layout_rooms, uniq_duvessa, uniq_edmund

Skill      XL: |  1  2  3  4  5  6  7 |
---------------+----------------------+-----
Axes           | 3 4 5 6 8 9 11 | 11.5
Fighting       | |  3.7
Armour         | |  3.4
Dodging        | |  0.2
Shields        | |  3.4
Invocations    | |  0.6

Action                     |  1- 3 |  4- 6 |  7- 9 || total
---------------------------+-------+-------+-------++-------
  Melee: War axe           |    92 |   144 |   112 ||   348
  Throw: Dart              |       |       |     3 ||     3
         Boomerang         |       |       |     1 ||     1
 Invoke: Heroism           |       |       |     1 ||     1
  Evoke: Wand              |       |       |     1 ||     1
    Use: Potion            |       |     3 |     1 ||     4
         Scroll            |       |       |    12 ||    12
 Armour: Scale mail        |    48 |    71 |     7 ||   126
         Chain mail        |       |       |    23 ||    23
  Dodge: Dodged            |    56 |   108 |    57 ||   221
  Block: Buckler           |    17 |    32 |    12 ||    61

Table legend: (Time is in decaauts)
 A = Elapsed time spent in this place.
 B = Non-inter-level travel time spent in this place.
 C = Inter-level travel time spent in this place.
 D = Time resting spent in this place.
 E = Time spent auto-exploring this place.
 F = Levels seen in this place.
 G = Mean time per level.
                   A        B        C        D        E       F      G
               +--------+--------+--------+--------+--------+-----+--------+
         Total |   4632 |   4250 |    382 |      0 |   3244 |   6 |  772.0 |
       Dungeon |   4632 |   4250 |    382 |      0 |   3244 |   6 |  772.0 |
               +--------+--------+--------+--------+--------+-----+--------+

Top non-repeatable levels by time:
     D:4: 1084 daAuts
     D:2: 988 daAuts
     D:1: 914 daAuts
     D:3: 890 daAuts
     D:5: 699 daAuts
     D:6: 56 daAuts
